 Dungeon Crawl Stone Soup version 0.24-a0-217-g1152973 (webtiles) character file.

Game seed: 2995128187060513401

1352 Sprog the Magician (level 8, 0/43 HPs)
             Began as a Deep Elf Fire Elementalist on Mar 29, 2019.
             Was an Initiate of Vehumet.
             Shot with an arrow by a centaur warrior (12 damage)
             ... on level 8 of the Dungeon.
             The game lasted 00:21:59 (6904 turns).

Sprog the Magician (Deep Elf Fire Elementalist)     Turns: 6904, Time: 00:22:00

Health: 0/43       AC:  7    Str:  7    XL:     8   Next: 36%
Magic:  18/19      EV: 12    Int: 21    God:    Vehumet [......]
Gold:   334        SH:  0    Dex: 15    Spells: 4/20 levels left

rFire    . . .     SeeInvis .   a - +2 dagger (speed)
rCold    . . .     Gourm    .   (no shield)
rNeg     . . .     Faith    .   E - +1 leather armour of Hedge Wizardry {MR++ Slay+3} (curse)
rPois    .         Spirit   .   (no helmet)
rElec    .         Reflect  .   l - +0 cloak
rCorr    .         Harm     .   (no gloves)
MR       ++...                  (no boots)
Stlth    ++........             m - amulet of regeneration
HPRegen  0.54/turn              G - +2 ring of protection
MPRegen  0.16/turn              (no ring)

@: confusing touch
A: no striking features
a: Renounce Religion


You were on level 8 of the Dungeon.
You worshipped Vehumet.
Vehumet was noncommittal.
You were not hungry.

You visited 2 branches of the dungeon, and saw 9 of its levels.
You also visited: Sewer.

You collected 334 gold pieces.

Inventory:

Hand Weapons
 a - a +2 dagger of speed (weapon)
 g - a +0 whip
 k - a +3 short sword
 p - a +3 dagger
Missiles
 e - 177 stones (quivered)
 t - 6 javelins
 A - 7 tomahawks
Armour
 l - a +0 cloak (worn)
 n - a +0 robe
 x - a +0 troll leather armour {Purgy}
 E - the cursed +1 leather armour of Hedge Wizardry (worn) {MR++ Slay+3}
   (You found it on level 5 of the Dungeon)

   It affects your accuracy and damage with ranged weapons and melee attacks
   (+3).
   It affects your resistance to hostile enchantments.
   It has a curse placed upon it.
Magical Staves
 b - an uncursed staff of poison
Jewellery
 m - an amulet of regeneration (around neck)
 z - an uncursed ring of ice
 G - a +2 ring of protection (left hand)
Wands
 K - a wand of enslavement (8)
Scrolls
 f - 2 scrolls of teleportation {unknown}
 h - 2 scrolls of fog {unknown}
 i - 3 scrolls of identify
 j - 6 scrolls of remove curse {unknown}
 o - a scroll of enchant armour {unknown}
 q - a scroll of amnesia {unknown}
 s - 2 scrolls of fear {unknown}
 w - a scroll of random uselessness {unknown}
 y - a scroll of noise {unknown}
 C - a scroll of magic mapping {unknown}
 D - a scroll of enchant weapon {unknown}
 L - a scroll of torment {unknown}
Potions
 d - 4 potions of curing
 r - 2 potions of lignification {unknown}
 u - 2 potions of haste {unknown}
 v - 4 potions of flight {unknown}
 B - 2 potions of ambrosia {unknown}
 F - a potion of heal wounds {unknown}
 H - a potion of might {unknown}
 J - a potion of brilliance {unknown}
Comestibles
 c - 11 rations
 I - 3 chunks of flesh


   Skills:
 - Level 1.2 Fighting
 * Level 1.6 Short Blades
 - Level 4.0 Armour
 - Level 2.7 Dodging
 + Level 3.1 Stealth
 + Level 6.6 Spellcasting
 + Level 4.3 Conjurations
 - Level 2.2 Hexes
 * Level 1.8 Translocations
 + Level 6.1 Fire Magic


You had 4 spell levels left.
You knew the following spells:

 Your Spells              Type           Power        Failure   Level  Hunger
a - Flame Tongue          Conj/Fire      ####.        1%          1    None
b - Conjure Flame         Conj/Fire      ####....     4%          3    #......
c - Sticky Flame          Conj/Fire      ####....     16%         4    ###....
d - Confusing Touch       Hex            ###...       5%          1    None
e - Blink                 Tloc           N/A          10%         2    None
f - Fireball              Conj/Fire      ####......   41%         5    #####..

Your spell library contained the following spells:

 Spells                   Type           Power        Failure   Level  Hunger
 Magic Dart               Conj           ####         2%          1    None
 Throw Flame              Conj/Fire      ####..       2%          2    None
 Apportation              Tloc           ##....       6%          1    None
 Inner Flame              Hex/Fire       ###.....     7%          3    #......
 Slow                     Hex            ###.....     8%          2    None
 Animate Skeleton         Necr           N/A          14%         1    None
 Beastly Appendage        Tmut           #.....       14%         1    None
 Summon Small Mammal      Summ           #...         14%         1    None
 Call Imp                 Summ           #.......     21%         2    None
 Sticks to Snakes         Tmut           #.......     21%         2    None
 Mephitic Cloud           Conj/Pois/Air  ##......     22%         3    #......
 Spider Form              Tmut/Pois      #.........   38%         3    #......
 Ice Form                 Ice/Tmut       #.......     80%         4    ###....
 Blade Hands              Tmut           #.........   98%         5    #####..


Dungeon Overview and Level Annotations

Branches:
Dungeon (8/15)             Temple (1/1) D:7
   Lair: D:8-11

Altars:
Gozag
Kikubaaqudgha
Nemelex Xobeh
Okawaru
Trog
Vehumet
Yredelemnul
The Shining One

Annotations:
D:2 Terence


Message History

Eating one of 4 chunks of flesh.
You eat one of the 4 chunks of flesh.
This raw flesh tastes terrible.
You feel sick. x4
You are no longer poisoned.
You start resting.
Magic restored.
You start resting.
HP restored.
Casting: Sticky Flame (slightly dangerous; 16% risk of failure)
Confirm with . or Enter, or press ? or * to list all spells.
Your hands begin to glow red.
You climb downwards.
A gnoll sergeant and a centaur warrior come into view.
The centaur shoots an arrow.
The arrow closely misses you.
The centaur warrior wields a cursed -2 shortbow.
The centaur warrior shoots an arrow.
The arrow hits you!
The centaur shoots an arrow.
The arrow hits you!
* * * LOW HITPOINT WARNING * * *
The centaur warrior shoots an arrow.
The arrow hits you!
You die...

#.#.......#.#.# #^.##
#...........#.# #..##
#.......###.# #..##
###...### #.# #.... #...#
#.# ####.## ##.## #.#
#....# #.######.# ##.####
#........#########...#
########@.....g....#.....
#...c...c##...####
############.## . ...
.### .# ..


You could see a centaur warrior, a gnoll sergeant and a centaur.

Vanquished Creatures
  A human (D:7)
  Purgy (Sewer)
  An ogre (D:5)
  A phantom (D:4)
  3 scorpions
  2 howler monkeys
  2 crimson imps
  A bullfrog zombie (D:7)
  A quasit (D:7)
  A jelly (D:5)
  2 orc priests (D:4)
  3 orc wizards (D:4)
  An iguana (D:7)
  Jessica (D:2)
  3 worker ants
  A killer bee zombie (D:8)
  A howler monkey zombie (D:6)
  9 adders
  3 gnolls (D:6)
  2 river rats (D:3)
  3 oozes
  2 adder skeletons (D:4)
  2 worms
  A leopard gecko (D:3)
  17 orcs
  9 bats
  5 giant cockroaches
  4 goblins
  8 hobgoblins
  8 jackals
  6 quokkas
  4 ball pythons
  4 frilled lizards
  14 kobolds
  A leopard gecko zombie (D:6)
  A quokka zombie (D:6)
  8 rats
137 creatures vanquished.

Vanquished Creatures (others)
  A wizard (D:3)
1 creature vanquished.

Grand Total: 138 creatures vanquished

Notes
Turn   | Place    | Note
-------+----------+-------------------------------------------
     0 | D:1      | Sprog the Deep Elf Fire Elementalist began the quest for
                  | the Orb.
     0 | D:1      | Reached XP level 1. HP: 10/10 MP: 6/6
   203 | D:1      | Reached XP level 2. HP: 13/15 MP: 0/8
  1050 | D:2      | Reached XP level 3. HP: 13/20 MP: 1/9
  1301 | D:2      | Noticed Jessica
  1512 | D:2      | Killed Jessica
  1512 | D:2      | Reached skill level 1 in Fighting
  1512 | D:2      | Reached XP level 4. HP: 22/25 MP: 7/11
  1564 | D:2      | Found a bloodstained altar of Trog.
  1665 | D:2      | Noticed Terence
  1713 | D:2      | Learned a level 3 spell: Conjure Flame
  1718 | D:2      | Learned a level 4 spell: Sticky Flame
  2084 | D:3      | Found a glowing drain.
  2148 | Sewer    | Entered a sewer
  2315 | Sewer    | Noticed Purgy
  2326 | Sewer    | Killed Purgy
  2326 | Sewer    | Reached skill level 5 in Fire Magic
  2326 | Sewer    | Reached XP level 5. HP: 21/29 MP: 0/14
  2568 | D:3      | Found a bloodstained altar of Trog.
  2571 | D:3      | Noticed a wizard
  2576 | D:3      | Killed a wizard
  2832 | D:3      | Reached skill level 1 in Armour
  3126 | D:4      | Noticed a phantom
  3129 | D:4      | Reached XP level 6. HP: 34/34 MP: 15/15
  3786 | D:4      | Reached XP level 7. HP: 27/38 MP: 0/16
  4090 | D:5      | Entered Level 5 of the Dungeon
  4134 | D:5      | Found a basalt altar of Yredelemnul.
  4594 | D:5      | Reached skill level 5 in Spellcasting
  4886 | D:5      | Learned a level 1 spell: Confusing Touch
  4898 | D:5      | Got a dazzling leather armour
  4909 | D:5      | Identified the cursed +1 leather armour of Hedge Wizardry
                  | {MR++ Slay+3} (You found it on level 5 of the Dungeon)
  5428 | D:6      | Found an iron altar of Okawaru.
  5513 | D:6      | Learned a level 2 spell: Blink
  5728 | D:6      | Found an opulent altar of Gozag.
  6056 | D:7      | Found a sparkling altar of Nemelex Xobeh.
  6234 | D:7      | Found a staircase to the Ecumenical Temple.
  6246 | Temple   | Entered the Ecumenical Temple
  6283 | Temple   | Became a worshipper of Vehumet
  6320 | D:7      | Learned a level 5 spell: Fireball
  6331 | D:7      | Reached skill level 1 in Hexes
  6371 | D:7      | Reached XP level 8. HP: 40/43 MP: 12/19
  6374 | D:7      | Reached skill level 1 in Translocations
  6626 | D:8      | Reached skill level 1 in Short Blades
  6904 | D:8      | Noticed a centaur warrior
  6904 | D:8      | Shot with an arrow by a centaur warrior

Levels and vault maps discovered:
D:1:      tarquinn_simple_flora_water_a, layout_basic, corexii_hall_statues_s,
          minivault_14, serial_park_tiny_2
D:2:      layout_loops_ring, lightli_temple_of_fire, first_ration, uniq_jessica,
          uniq_terence
D:3:      layout_loops_ring, portal_sewer_entry_b, trog_wizard
D:4:      layout_cave_pods
D:5:      layout_basic, eino_curves_03, yredelemnul_altar_generic
D:6:      layout_basic, okawaru_trees_2, grunt_gozag_breadcrumbs
D:7:      layout_cave_pools, nemelex_xobeh_ov_fountains_minmay,
          minmay_temple_entry_tees, kennysheep_generic_room_12
D:8:      minmay_the_grid_triangle_9x9_recursive_2
          [minmay_the_grid_triangle_9x9_prize_special,
          minmay_the_grid_triangle_9x9_negative_grid,
          minmay_the_grid_triangle_9x9_empty,
          minmay_the_grid_triangle_9x9_wacky_v], layout_loops_ring,
          kennysheep_little_box, grunt_pizzeria
Temple:   dpeg_five_rooms_temple
Sewer:    kennysheep_door_sewer

Skill      XL: |  1  2  3  4  5  6  7  8 |
---------------+-------------------------+-----
Fire Magic     | 4 5 6 |  6.1
Fighting       | 1 |  1.2
Conjurations   | 2 4 |  4.3
Spellcasting   | 4 6 |  6.6
Armour         | 1 3 4 |  4.0
Hexes          | 1 2 |  2.2
Stealth        | 3 |  3.1
Translocations | 1 |  1.8
Short Blades   | 1 |  1.6
Dodging        | |  2.7

Action                   |  1- 3 |  4- 6 |  7- 9 || total
-------------------------+-------+-------+-------++-------
Melee: Dagger            |    15 |    47 |    49 ||   111
 Cast: Flame Tongue      |    59 |   112 |   104 ||   275
       Sticky Flame      |       |     2 |     3 ||     5
       Confusing Touch   |       |       |     7 ||     7
  Use: Scroll            |       |     4 |       ||     4
 Stab: Sleeping          |       |     8 |     1 ||     9
       Confused          |       |       |     2 ||     2
  Eat: Chunk             |     2 |     7 |     7 ||    16
       Ration            |       |       |     1 ||     1
Armor: Robe              |     8 |     3 |       ||    11
       Troll leather arm |       |    10 |       ||    10
       Leather armour    |       |       |    20 ||    20
Dodge: Dodged            |    26 |    60 |    33 ||   119

Table legend:
 A = Non-vault XP
 B = Vault XP
 C = Vault XP percentage of total XP
 D = Non-vault monster count
 E = Vault monster count
 F = Vault count percentage of total count
                 A         B        C        D         E       F
            +---------+---------+-------+---------+---------+-------
      Total |    1462 |     470 |  24.3 |     123 |      14 |  10.2
            +---------+---------+-------+---------+---------+-------
        D:1 |      19 |       0 |   0.0 |      14 |       0 |   0.0
        D:2 |      91 |      37 |  28.9 |      23 |       1 |   4.2
        D:3 |      59 |      30 |  33.7 |      25 |       4 |  13.8
        D:4 |     366 |       0 |   0.0 |      20 |       0 |   0.0
        D:5 |     323 |       0 |   0.0 |      13 |       0 |   0.0
        D:6 |     187 |       0 |   0.0 |      17 |       0 |   0.0
        D:7 |     197 |     262 |  57.1 |       7 |       3 |  30.0
        D:8 |     220 |       0 |   0.0 |       4 |       0 |   0.0
      Sewer |       0 |     141 | 100.0 |       0 |       6 | 100.0
            +---------+---------+-------+---------+---------+-------
